 Dungeon Crawl Stone Soup version 0.18.1-50-g88ac8fd (webtiles) character file.

13699 Naarciss the Thaumaturge (level 11, 0/50 HPs)
             Began as a Deep Elf Conjurer on Sept 27, 2016.
             Was a High Priest of Vehumet.
             Slain by a chaos spawn (1 damage)
             ... summoned by an orc high priest
             ... on level 2 of the Orcish Mines.
             The game lasted 02:08:41 (10341 turns).

Naarciss the Thaumaturge (Deep Elf Conjurer)       Turns: 10341, Time: 02:08:41

Health: 0/50       AC: 11    Str:  5    XL:     11   Next: 79%
Magic:  0/40       EV: 18    Int: 24    God:    Vehumet [*****.]
Gold:   600        SH:  0    Dex: 23    Spells: 6 memorised, 25 levels left

rFire  + . .     SeeInvis .     v - +4 quarterstaff (chaos)
rCold  . . .     Gourm    .     a - +0 robe
rNeg   . . .     Faith    .     (shield currently unavailable)
rPois  .         Spirit   .     D - +2 hat of the Vacuum {-Tele rF+ MP+9}
rElec  .         Dismiss  .     y - +1 cloak "Kolenten" {Regen+}
rCorr  .         Reflect  .     w - +0 pair of gloves
SustAt .         Harm     .     z - +1 pair of boots
MR     ++...     NoTele   +     o - amulet of magic regeneration
Stlth  +++.......               q - +6 ring of dexterity
                                l - ring of protection from magic

@: lethally poisoned (0 -> -4), very resistant to hostile enchantments, fairly
stealthy
A: thin metallic scales 1, agile 1, frail 1
a: Renounce Religion


You were on level 2 of the Orcish Mines.
You worshipped Vehumet.
Vehumet was extremely pleased with you.
You were very full.

You visited 3 branches of the dungeon, and saw 12 of its levels.

You collected 840 gold pieces.
You spent 240 gold pieces at shops.

Inventory:

Hand Weapons
 v - a +4 quarterstaff of chaos (weapon)
 B - the +9 spear of Henink {vamp, rElec rF- Int+3 Dex-2, unknown}
   (You found it on level 7 of the Dungeon)

   It inflicts no extra harm, but heals its wielder somewhat when it strikes a
   living foe.
   It affects your intelligence (+3).
   It affects your dexterity (-2).
   It makes you vulnerable to fire.
   It insulates you from electricity.
Armour
 a - a +0 robe (worn)
 w - a +0 pair of gloves (worn)
 y - the +1 cloak "Kolenten" (worn) {Regen+}
   (You bought it in a shop on level 5 of the Dungeon)

   It increases your rate of regeneration.
 z - a +1 pair of boots (worn)
 D - the +2 hat of the Vacuum (worn) {-Tele rF+ MP+9}
   (You acquired it on level 8 of the Dungeon)

   It protects you from fire.
   It affects your magic capacity (+9).
   It prevents most forms of teleportation.
Jewellery
 l - a ring of protection from magic (left hand)
 o - an amulet of magic regeneration (around neck)
 q - a +6 ring of dexterity (right hand)
Wands
 m - a wand of slowing (46/48)
 A - a wand of random effects (16/48)
Scrolls
 e - 3 scrolls of remove curse
 g - 4 scrolls of magic mapping
 h - 5 scrolls of random uselessness
 i - a scroll of teleportation
 j - a scroll of recharging
 k - 2 scrolls of amnesia
 n - 2 scrolls of immolation
 C - a scroll of fog
 F - 2 scrolls of fear
 H - a scroll of blinking
 J - a scroll of torment
Potions
 d - 4 potions of cure mutation
 t - a potion of ambrosia
 x - 5 potions of flight
 E - a potion of brilliance {unknown}
 L - a potion of magic {unknown}
Books
 b - a book of Conjurations

   Spells                             Type                      Level
   a - Magic Dart                     Conjuration                  1
   b - Searing Ray                    Conjuration                  2
   c - Dazzling Spray                 Conjuration/Hexes            3
   d - Fulminant Prism                Conjuration/Hexes            4
   e - Iskenderun's Mystic Blast      Conjuration                  4
   f - Iskenderun's Battlesphere      Conjuration/Charms           5
 r - a book of Geomancy

   Spells                             Type                      Level
   a - Sandblast                      Earth                        1
   b - Passwall                       Transmutation/Earth          2
   c - Stone Arrow                    Conjuration/Earth            3
   d - Petrify                        Transmutation/Earth          4
   e - Lee's Rapid Deconstruction     Earth                        5
 s - a book of Summonings

   Spells                             Type                      Level
   a - Recall                         Summoning/Translocation      3
   b - Aura of Abjuration             Summoning                    5
   c - Summon Demon                   Summoning                    5
   d - Summon Forest                  Summoning/Translocation      5
   e - Summon Mana Viper              Hexes/Summoning              5
   f - Shadow Creatures               Summoning                    6
 G - a book of Annihilations

   Spells                             Type                      Level
   a - Poison Arrow                   Conjuration/Poison           6
   b - Chain Lightning                Conjuration/Air              8
   c - Lehudib's Crystal Spear        Conjuration/Earth            8
   d - Glaciate                       Conjuration/Ice              9
   e - Fire Storm                     Conjuration/Fire             9
Comestibles
 c - 4 meat rations
 f - 5 royal jellies
 u - 6 bread rations


   Skills:
 + Level 1.0 Fighting
 + Level 6.4 Dodging
 + Level 4.6 Stealth
 + Level 14.6 Spellcasting
 + Level 12.4 Conjurations
 + Level 11.0 Hexes
 + Level 2.2 Fire Magic
 + Level 0.9 Poison Magic
 + Level 0.4 Evocations


You had 25 spell levels left.
You knew the following spells:

 Your Spells              Type           Power        Failure   Level  Hunger
a - Magic Dart            Conj           ####         1%          1    None
b - Dazzling Spray        Conj/Hex       ######       1%          3    None
c - Fulminant Prism       Conj/Hex       ######....   1%          4    None
d - Sting                 Conj/Pois      ####         1%          1    None
e - Flame Tongue          Conj/Fire      #####        1%          1    None
f - Throw Icicle          Conj/Ice       #####...     1%          4    None


Dungeon Overview and Level Annotations

Branches:
Dungeon (9/15)             Temple (1/1) D:4             Orc (2/2) D:9
    Elf (0/3) Orc:2
   Lair: D:8-11

Altars:
Ashenzari
Cheibriados
Dithmenos
Elyvilon
Fedhas
Gozag
Kikubaaqudgha
Makhleb
Nemelex Xobeh
Okawaru
Pakellas
Qazlal
Ru
Sif Muna
Trog
Vehumet
Xom
Yredelemnul
Zin
The Shining One
Beogh

Shops:
D:5 [   D:6 *   Orc:2 *

Annotations:
D:8 exclusion: phantom


Innate Abilities, Weirdness & Mutations

You are partially covered in thin metallic scales (AC +2).
You are agile. (Dex +2)
You are frail (-10% HP).


Message History

The chaos spawn poisons you! The chaos spawn completely misses you.
The orc high priest utters an invocation to Beogh.
The chaos spawn barely misses you. The chaos spawn misses you.
You feel sick.
You feel sick.
You feel sick.
You feel sick.
Casting: Magic Dart
Confirm with . or Enter, or press ? or * to list all spells.
Aiming: Fulminant Prism
Press: ? - help, Dir - move target cursor, p - orc high priest You conjure a prism of explosive energy!
You feel sick.
The orc high priest hits you with a flail!
The chaos spawn gores you!
* * * LOW HITPOINT WARNING * * *
The chaos spawn freezes you!
* * * LOW HITPOINT WARNING * * *
The chaos spawn hits you.
You die...

#################################
.....#...........................
........#.................)...).(
...#.....).......................
....)....(.................).....
.#.#.#...........................
######.......)(.)................
# #........).33o4#............. #
##..........@.*.............. ##
#.......#......)............. .#
##.....##...........(...(..... ##
#.....###......#.............. #
##...## ##..........).........
#...# #.....................
##.## #...........)......... ###
#......................
##.....................


You could see an orc high priest, a rust devil, 2 chaos spawn and a friendly
fulminant prism.

Vanquished Creatures
  4 orc high priests (Orc:2)
  The ghost of Thael the Protected, a novice MiBe of Trog (D:8)
  5 orc knights (Orc:2)
  An orc sorcerer (Orc:2)
  Joseph (D:7)
  Prince Ribbit (D:7)
  2 trolls
  A two-headed ogre (Orc:2)
  Sigmund (D:3)
  4 yaks (D:9)
  2 hungry ghosts (D:8)
  2 hippogriffs
  22 orc warriors
  4 sky beasts
  A phantom (D:8)
  A black bear (D:6)
  5 ogres
  3 centaurs
  A crocodile (D:7)
  A big kobold (D:4)
  10 giant frogs
  4 scorpions
  4 wights (D:7)
  2 killer bees (D:7)
  2 howler monkeys (D:5)
  A centaur zombie (D:5)
  2 crimson imps
  A giant frog zombie (D:5)
  2 hounds
  Crazy Yiuf (D:4)
  3 jellies (D:8)
  16 orc priests
  Terence (D:3)
  3 giant frog skeletons (D:4)
  4 iguanas
  9 orc wizards
  6 worker ants
  A hound zombie (D:7)
  2 hound skeletons
  A howler monkey skeleton (D:7)
  11 adders
  2 shadow imps
  6 oozes
  3 adder skeletons
  2 adder zombies (D:6)
  A worm (D:2)
  A dart slug (D:3)
  6 giant geckos
  51 orcs
  4 bats
  4 giant cockroaches
  4 goblins
  12 hobgoblins
  14 jackals
  5 quokkas
  7 giant newts
  A jackal skeleton (D:4)
  7 kobolds
  A quokka skeleton (D:9)
  4 rats
  17 fulminant prisms
301 creatures vanquished.

Vanquished Creatures (others)
  2 orc warriors (Orc:2)
  A centaur (D:8)
  An orc priest (Orc:2)
  An orc (Orc:2)
  116 fulminant prisms
121 creatures vanquished.

Grand Total: 422 creatures vanquished

Notes
Turn   | Place    | Note
--------------------------------------------------------------
     0 | D:1      | Naarciss the Deep Elf Conjurer began the quest for the Orb.
     0 | D:1      | Reached XP level 1. HP: 10/10 MP: 6/6
   511 | D:1      | Reached XP level 2. HP: 15/15 MP: 6/8
   790 | D:2      | Reached skill level 5 in Conjurations
   790 | D:2      | Reached XP level 3. HP: 19/19 MP: 4/9
   795 | D:2      | Learned a level 3 spell: Dazzling Spray
  1793 | D:2      | Found a deep blue altar of Sif Muna.
  2037 | D:3      | Noticed Sigmund
  2060 | D:3      | Killed Sigmund
  2060 | D:3      | Reached skill level 4 in Spellcasting
  2060 | D:3      | Reached XP level 4. HP: 17/24 MP: 0/12
  2060 | D:3      | Reached XP level 5. HP: 19/28 MP: 0/14
  2243 | D:3      | Noticed Terence
  2246 | D:3      | Killed Terence
  2246 | D:3      | Reached skill level 5 in Spellcasting
  2252 | D:3      | Learned a level 4 spell: Fulminant Prism
  2389 | D:3      | Found a bloodstained altar of Trog.
  2392 | D:3      | Found a shadowy altar of Dithmenos.
  2395 | D:3      | Found a snail-covered altar of Cheibriados.
  2398 | D:3      | Found an opulent altar of Gozag.
  2665 | D:3      | Reached XP level 6. HP: 32/32 MP: 5/15
  2985 | D:4      | Reached skill level 1 in Hexes
  3151 | D:4      | Found a staircase to the Ecumenical Temple.
  3160 | Temple   | Entered the Ecumenical Temple
  3255 | Temple   | Became a worshipper of Vehumet
  3459 | D:4      | Reached skill level 6 in Spellcasting
  3459 | D:4      | Reached XP level 7. HP: 36/37 MP: 6/18
  3624 | D:4      | Noticed Crazy Yiuf
  3630 | D:4      | Killed Crazy Yiuf
  3932 | D:5      | Entered Level 5 of the Dungeon
  4033 | D:5      | Reached skill level 7 in Spellcasting
  4177 | D:5      | Gained mutation: You are covered in fur (AC +1). [potion of mutation]
  4177 | D:5      | Lost mutation: You are covered in fur (AC +1). [potion of mutation]
  4177 | D:5      | Gained mutation: Your movements are slightly less encumbered by armour (ER -2). [potion of mutation]
  4689 | D:5      | Found Imyhi's Armour Shop.
  4692 | D:5      | Bought the +1 cloak "Kolenten" {Regen+} for 165 gold pieces
  4692 | D:5      | Bought a +0 pair of boots for 45 gold pieces
  4801 | D:6      | Found an ancient bone altar of Kikubaaqudgha.
  4801 | D:6      | Found an iron altar of Okawaru.
  4816 | D:6      | Found a glowing golden altar of the Shining One.
  4822 | D:6      | Reached XP level 8. HP: 42/42 MP: 14/21
  4940 | D:6      | Reached skill level 8 in Spellcasting
  5099 | D:6      | Reached skill level 5 in Dodging
  5152 | D:6      | Reached * piety under Vehumet
  5152 | D:6      | Offered knowledge of Sting by Vehumet.
  5155 | D:6      | Learned a level 1 spell: Sting
  5373 | D:6      | Reached skill level 9 in Spellcasting
  5373 | D:6      | Reached skill level 5 in Hexes
  5610 | D:6      | Found Zin's Purification Station.
  5614 | D:6      | Found a glowing silver altar of Zin.
  5879 | D:7      | Reached XP level 9. HP: 46/46 MP: 7/24
  6011 | D:7      | Offered knowledge of Flame Tongue by Vehumet.
  6014 | D:7      | Learned a level 1 spell: Flame Tongue
  6053 | D:7      | Reached ** piety under Vehumet
  6054 | D:7      | Reached skill level 10 in Spellcasting
  6136 | D:7      | Noticed Prince Ribbit
  6141 | D:7      | Killed Prince Ribbit
  6241 | D:7      | Got a twisted spear
  6271 | D:7      | Noticed Joseph
  6301 | D:7      | Lost mutation: Your movements are slightly less encumbered by armour (ER -2). [potion of cure mutation]
  6301 | D:7      | HP: 2/46 [Joseph/sling bullet (4)]
  6308 | D:7      | Killed Joseph
  6467 | D:7      | Reached skill level 11 in Spellcasting
  6773 | D:8      | Found a burning altar of Makhleb.
  6871 | D:8      | Identified a scroll of acquirement
  6872 | D:8      | Got an encrusted hat
  6885 | D:8      | Identified the +2 hat of the Vacuum {-Tele rF+ MP+9} (You acquired it on level 8 of the Dungeon)
  6922 | D:8      | Noticed Thael's ghost (novice MiBe)
  6939 | D:8      | Reached skill level 10 in Conjurations
  6942 | D:8      | Killed Thael's ghost
  6942 | D:8      | Reached skill level 1 in Fighting
  6942 | D:8      | Reached skill level 1 in Fire Magic
  6942 | D:8      | Reached XP level 10. HP: 24/52 MP: 0/27
  7253 | D:8      | Offered knowledge of Mephitic Cloud by Vehumet.
  7639 | D:8      | Reached *** piety under Vehumet
  7861 | D:9      | Reached skill level 12 in Spellcasting
  8059 | D:9      | Found a staircase to the Orcish Mines.
  8253 | D:9      | Gained mutation: You are agile. (Dex +2) [potion of mutation]
  8253 | D:9      | Gained mutation: You are frail (-10% HP). [potion of mutation]
  8253 | D:9      | Gained mutation: You are partially covered in thin metallic scales (AC +2). [potion of mutation]
  8492 | D:9      | Offered knowledge of Ignite Poison by Vehumet.
  8693 | Orc:1    | Entered Level 1 of the Orcish Mines
  8699 | Orc:1    | Found a roughly hewn altar of Beogh.
  9032 | Orc:2    | Entered Level 2 of the Orcish Mines
  9155 | Orc:2    | Reached skill level 13 in Spellcasting
  9155 | Orc:2    | Reached **** piety under Vehumet
  9264 | Orc:2    | Found Oggoupa's General Store.
  9273 | Orc:2    | Bought a scroll of identify for 30 gold pieces
  9338 | Orc:2    | Noticed an orc sorcerer
  9342 | Orc:2    | Killed an orc sorcerer
  9342 | Orc:2    | Offered knowledge of Throw Icicle by Vehumet.
  9348 | Orc:2    | Learned a level 4 spell: Throw Icicle
  9369 | Orc:2    | Reached XP level 11. HP: 50/50 MP: 16/30
  9387 | Orc:2    | Noticed an orc knight
  9431 | Orc:2    | Killed an orc knight
  9804 | Orc:2    | Found a staircase to the Elven Halls.
  9813 | Orc:2    | Found a bloodstained altar of Trog.
  9895 | Orc:2    | Noticed an orc high priest
  9905 | Orc:2    | Killed an orc high priest
  9912 | Orc:2    | Noticed an orc knight
  9915 | Orc:2    | Noticed an orc knight
  9916 | Orc:2    | Reached skill level 10 in Hexes
  9956 | Orc:2    | Killed an orc knight
 10061 | Orc:2    | Noticed an orc knight
 10064 | Orc:2    | Noticed an orc knight
 10088 | Orc:2    | Killed an orc knight
 10088 | Orc:2    | Reached ***** piety under Vehumet
 10088 | Orc:2    | Offered knowledge of Venom Bolt by Vehumet.
 10091 | Orc:2    | Killed an orc knight
 10091 | Orc:2    | Reached skill level 14 in Spellcasting
 10095 | Orc:2    | Killed an orc knight
 10202 | Orc:2    | Noticed an orc high priest
 10221 | Orc:2    | Killed an orc high priest
 10286 | Orc:2    | Noticed a soul eater
 10287 | Orc:2    | Noticed an orc high priest
 10295 | Orc:2    | Noticed an orc high priest
 10295 | Orc:2    | Killed an orc high priest
 10309 | Orc:2    | Noticed an orc high priest
 10310 | Orc:2    | Killed an orc high priest
 10341 | Orc:2    | HP: 1/50 [chaos spawn[an orc high priest] (7)]
 10341 | Orc:2    | Slain by a chaos spawn

Skill      XL: |  1  2  3  4  5  6  7  8  9 10 11 |
---------------+----------------------------------+-----
Conjurations   | 5 6 7 8 10 11 12 | 12.4
Dodging        | 3 4 5 6 |  6.4
Stealth        | 3 4 |  4.6
Spellcasting   | 4 5 6 7 9 11 13 14 | 14.6
Hexes          | 2 3 5 7 9 11 | 11.0
Fighting       | 1 |  1.0
Fire Magic     | 1 2 |  2.2
Poison Magic   | |  0.9
Evocations     | |  0.4

Action                   |  1- 3 |  4- 6 |  7- 9 | 10-12 || total
-------------------------+-------+-------+-------+-------++-------
Melee: Dagger            |    13 |       |       |       ||    13
       Unarmed           |     8 |       |       |       ||     8
       Quarterstaff      |       |       |     5 |     6 ||    11
 Cast: Magic Dart        |    85 |    45 |    95 |    70 ||   295
       Dazzling Spray    |     6 |    21 |   115 |    97 ||   239
       Fulminant Prism   |       |     3 |    38 |    95 ||   136
       Sting             |       |       |    16 |    14 ||    30
       Flame Tongue      |       |       |    12 |     9 ||    21
       Throw Icicle      |       |       |       |     2 ||     2
Evoke: Wand              |       |       |       |     2 ||     2
  Use: Scroll            |     8 |     3 |     8 |     7 ||    26
       Potion            |     2 |       |     6 |     2 ||    10
 Stab: Invisible         |       |       |       |     1 ||     1
  Eat: Meat ration       |     1 |       |     1 |       ||     2
       Royal jelly       |     1 |       |       |     7 ||     8
       Bread ration      |       |     1 |     1 |       ||     2
       Beef jerky        |       |     1 |       |     2 ||     3
Armor: Robe              |     7 |     5 |    13 |     7 ||    32
Dodge: Dodged            |    23 |    15 |    44 |    73 ||   155
